 Dungeon Crawl Stone Soup version 0.29-a0-490-g77b3608bb8 (webtiles) character file.

Game seed: 13863986751812474039

62 Hubjo the Firebug (level 3, -4/21 HPs)
             Began as a Deep Elf Fire Elementalist on May 26, 2022.
             Killed by divine providence
             ... invoked by an orc priest
              (13 damage)
             ... on level 3 of the Dungeon.
             The game lasted 00:01:56 (2505 turns).

Hubjo the Firebug (Deep Elf Fire Elementalist)      Turns: 2505, Time: 00:01:59

Health: -4/21      AC:  4    Str:  5    XL:     3   Next: 85%
Magic:  12/19      EV: 12    Int: 21    God:
Gold:   105        SH:  0    Dex: 15    Spells: 8/9 levels left

rFire   . . .      SeeInvis .   v - +1 whip (elec)
rCold   + . .      Faith    .   (no shield)
rNeg    . . .      Spirit   .   n - +2 robe {rC+}
rPois   .          Reflect  .   (no helmet)
rElec   .          Harm     .   (no cloak)
rCorr   +          Rampage  .   (no gloves)
Will    .....                   (no boots)
Stlth   ++........              d - amulet of magic regeneration
HPRegen 0.07/turn               e - ring of magical power
MPRegen 0.56/turn               g - ring of resist corrosion

@: very slightly contaminated
A: no striking features
a: no special abilities


You were on level 3 of the Dungeon.
You visited 1 branch of the dungeon, and saw 3 of its levels.

You collected 105 gold pieces.

Inventory:

Hand Weapons
 v - a +1 whip of electrocution (weapon)
Armour
 a - a +0 robe
 n - a +2 robe of cold resistance (worn)
Jewellery
 d - an amulet of magic regeneration (around neck)
 e - a ring of magical power (left hand)
 g - a ring of resist corrosion (right hand)
 r - a +6 ring of intelligence
Scrolls
 h - a scroll of teleportation {unknown}
 k - a scroll of torment {unknown}
 l - a scroll of amnesia {unknown}
 m - a scroll of enchant armour {unknown}
 s - a scroll of immolation {unknown}
 t - a scroll of identify {unknown}
Potions
 b - a potion of magic
 c - a potion of lignification {unknown}
 f - 3 potions of curing {unknown}
 i - 4 potions of degeneration {unknown}
 j - 2 potions of mutation {unknown}
 o - a potion of berserk rage {unknown}
 p - 3 potions of haste {unknown}
 q - 2 potions of might {unknown}
 u - a potion of ambrosia {unknown}


   Skills:
 * Level 1.6 Fighting
 - Level 2.4 Dodging
 + Level 3.2 Stealth
 + Level 3.7 Spellcasting
 - Level 1.1 Conjurations
 + Level 3.7 Fire Magic


You had 8 spell levels left.
You knew the following spells:

 Your Spells              Type           Power      Damage    Failure   Level
a - Foxfire               Conj/Fire      56%        2x1d6     4%          1

Your spell library contained the following spells:

 Spells                   Type           Power      Damage    Failure   Level
 Scorch                   Fire           38%        2d7       4%          2
 Conjure Flame            Conj/Fire      14%        6-21      14%         3
 Inner Flame              Hex/Fire       11%        N/A       17%         3
 Flame Wave               Conj/Fire      14%        2d6       41%         4


Dungeon Overview and Level Annotations

Branches:
Dungeon (2/15)

Altars:


Message History

You are too injured to fight recklessly!
You are too injured to fight recklessly!
You are too injured to fight recklessly!
Casting: Foxfire (safe; 4% risk of failure)
Confirm with . or Enter, or press ? or * to list all spells.
You conjure some foxfire!
The adder bites you but does no damage.
Casting: Foxfire (safe; 4% risk of failure)
Confirm with . or Enter, or press ? or * to list all spells.
You miscast Foxfire.
You are very lightly contaminated with residual magic.
Nothing appears to happen.
The foxfire hits the adder.
You kill the adder!
The foxfire hits the orc priest.
The orc priest is heavily wounded.
Casting: Foxfire (safe; 4% risk of failure)
Confirm with . or Enter, or press ? or * to list all spells.
You conjure some foxfire!
An endoplasm comes into view.
Casting: Foxfire (safe; 4% risk of failure)
Confirm with . or Enter, or press ? or * to list all spells.
You conjure some foxfire!
The foxfire hits the orc priest.
The orc priest is severely wounded.
The orc hits you with a +0 club.
The orc priest hits you but does no damage.
Casting: Foxfire (safe; 4% risk of failure)
Confirm with . or Enter, or press ? or * to list all spells.
You conjure some foxfire!
The foxfire hits the orc.
The orc is heavily wounded.
The foxfire hits the orc but does no damage.
The orc is heavily wounded.
The foxfire hits the orc.
You kill the orc!
The orc priest closely misses you.
Casting: Foxfire (safe; 4% risk of failure)
Confirm with . or Enter, or press ? or * to list all spells.
You conjure some foxfire!
The orc priest calls down the wrath of Beogh upon you.
Beogh smites you!
Ouch! That really hurt!
You die...

...#....#######
#..#...........
#..#...........
####.#...).......
#................
....##.#.###.......
#.#########.#.#
#.......
......§v§...#.#
#.......
...§§#@.§###.#
#.......
#...v.ovv§# #.#
########
#.....###.# #.# #
##.... #.# #.# #
.)J.. ... ..# #.)..
#.## #... #.# #...


You could see an orc priest (ally target) and an endoplasm.

Vanquished Creatures
  2 adders
  3 orcs (D:3)
  5 endoplasms
  2 giant cockroaches (D:2)
  A goblin (D:1)
  4 hobgoblins
  4 jackals (D:1)
  2 quokkas
  2 ball pythons (D:1)
  3 bats (D:1)
  A frilled lizard (D:3)
  7 kobolds
  A rat (D:1)
37 creatures vanquished.

Vanquished Creatures (collateral kills)
  A foxfire (D:1)
1 creature vanquished.

Vanquished Creatures (others)
  246 foxfires
246 creatures vanquished.

Grand Total: 284 creatures vanquished

Notes
Turn   | Place    | Note
-------+----------+-------------------------------------------
     0 | D:1      | Hubjo the Deep Elf Fire Elementalist began the quest for
                  | the Orb.
     0 | D:1      | Reached XP level 1. HP: 10/10 MP: 6/6
   510 | D:1      | Reached XP level 2. HP: 6/16 MP: 4/8
   972 | D:1      | Reached skill level 1 in Fighting
  1969 | D:2      | Reached XP level 3. HP: 20/20 MP: 10/10
  2405 | D:2      | You fall into a shaft and drop 1 floor!
  2505 | D:3      | Killed from afar by an orc priest

Illustrated notes

Levels and vault maps discovered:
D:1:      dpeg_arrival_prison, layout_loops_corners
D:2:      layout_loops_cross
D:3:      kennysheep_the_goblin_king, layout_basic, uniq_sigmund

Skill      XL: |  1  2 |
---------------+-------+-----
Fighting       | 1 |  1.6
Stealth        | 3 |  3.2
Dodging        | |  2.4
Spellcasting   | |  3.7
Conjurations   | |  1.1
Fire Magic     | |  3.7

Action                   || total
-------------------------++-------
Melee: Unarmed           ||     6
 Cast: Foxfire           ||   164
Armor: Robe              ||     5
Dodge: Dodged            ||    15

Table legend: (Time is in decaauts)
 A = Elapsed time spent in this place.
 B = Non-inter-level travel time spent in this place.
 C = Inter-level travel time spent in this place.
 D = Time resting spent in this place.
 E = Time spent auto-exploring this place.
 F = Levels seen in this place.
 G = Mean time per level.
                   A        B        C        D        E       F      G
               +--------+--------+--------+--------+--------+-----+--------+
         Total |   2502 |   2473 |     29 |      0 |   2165 |   3 |  834.0 |
       Dungeon |   2502 |   2473 |     29 |      0 |   2165 |   3 |  834.0 |
               +--------+--------+--------+--------+--------+-----+--------+

Top non-repeatable levels by time:
     D:1: 1856 daAuts
     D:2: 547 daAuts
     D:3: 99 daAuts
